 Dungeon Crawl Stone Soup version 0.31.0-11-ge490571c62 (webtiles) character file.

Game seed: 901886259061681304

14 protoss039 the Digger (level 2, 21/21 HPs)
             Began as a Demonspawn Earth Elementalist on Jan 31, 2024.
             Got out of the dungeon alive.
             The game lasted 00:01:37 (855 turns).

protoss039 the Digger (DsEE)                         Turns: 855, Time: 00:01:37

Health: 21/21      AC:  4    Str:  8    XL:     2   Next: 31%
Magic:  5/5        EV: 12    Int: 15    God:
Gold:   41         SH:  0    Dex: 13    Spells: 4/5 levels left

rFire   . . .        d - +0 dagger
rCold   . . .        (no shield)
rNeg    . . .        a - +0 robe
rPois   .            (no helmet)
rElec   .            (no cloak)
rCorr   .            (no gloves)
SInv    .            (no boots)
Will    .....        (no amulet)
Stlth   ++           (no ring)
HPRegen 0.23/turn    (no ring)
MPRegen 0.09/turn

%: no passive effects
@: no status effects
A: icy blue scales 1
a: no special abilities


You escaped.
You visited 1 branch of the dungeon, and saw 1 of its levels.

You collected 41 gold pieces.

Inventory:

Hand Weapons
 d - a +0 dagger (weapon)
Armour
 a - a +0 robe (worn)
Potions
 b - a potion of magic
 c - a potion of curing {unknown}


   Skills:
 + Level 1.0 Fighting
 - Level 1.7 Dodging
 - Level 1.7 Stealth
 + Level 2.3 Spellcasting
 - Level 1.0 Conjurations
 + Level 2.9 Earth Magic


You had 4 spell levels left.
You knew the following spells:

 Your Spells              Type           Power      Damage    Failure   Level
a - Sandblast             Erth           20%        2d7       6%          1

Your spell library contained the following spells:

 Spells                   Type           Power      Damage    Failure   Level
 Passwall                 Erth           10%        N/A       19%         3
 Stone Arrow              Conj/Erth      14%        3d7       28%         3
 Brom's Barrelling Bould  Conj/Erth      7%         2d3       67%         4
 Petrify                  Alch/Erth      6%         N/A       75%         4


Dungeon Overview and Level Annotations

Branches:
Dungeon (1/15) Zot: 5133

Altars:


Innate Abilities, Weirdness & Mutations

You are partially covered in icy blue scales. (AC +2)


Message History

The hobgoblin hits you but does no damage.
Casting: Sandblast (safe; 6% risk of failure)
Confirm with . or Enter, or press ? or * to list all spells.
Aiming: Sandblast (safe; 6% risk of failure)
Press: ? - help, Shift-Dir - straight line, f - hobgoblin
Aim: a hobgoblin (82% to hit)
The blast of sand hits the hobgoblin!
You kill the hobgoblin!
Unknown command.
Key pressed, stopping explore.
No target in view!
You see here a +0 dagger.
You see here a +0 hand axe.
There is a stone staircase leading down here.
You enter the shallow water.
Moving in this stuff is going to be slow.
You enter the shallow water.
Moving in this stuff is going to be slow.
Key pressed, stopping explore.
Key pressed, stopping explore.
No target in view!
You enter the shallow water.
Moving in this stuff is going to be slow.
You now have 32 gold pieces (gained 5).
Key pressed, stopping explore.
No target in view!
You now have 41 gold pieces (gained 9).
Done exploring.
No target in view!
Done exploring.
No target in view!
Done exploring.
No target in view!
Done exploring.
No target in view!
Done exploring.
Done exploring.
Search for what [? for help]? .
There is a staircase leading out of the dungeon here.
You have escaped!

#.# #~.#.#.###.~~~~.######## #.
#.# #~.#.#.#...~...........####.
#.####~.#.#.#.~~~.#########......
#.....~.#.#...~...........#.####.
######~...#.~~~.~~~~~.###.#.# #.
#~~~.#.~...~...~...#.#.# #.
##.~.#.~.~~~.~.~~~.###.# #.
#.~...~.....~...~...#.# #.
#######.~~~.~~~.@.~~~.~~~.#.####.
......#...~...~.....~...~.#......
#########.~~~.~.~~~.~.#.~.#......
#.#...~...~...~.#.~~~.#####
#.###.~~~~~.~~~.#...~.#
#...........~...#.#.~.#
###############.~~~.#.#.#.~.#
÷.##............~.(.#.#.#.~.#
#÷##.#######.~~~~.###.#.#.~.#


There were no monsters in sight!

Vanquished Creatures
  A dart slug (D:1)
  An endoplasm (D:1)
  2 goblins (D:1)
  A hobgoblin (D:1)
  3 jackals (D:1)
  A quokka (D:1)
  A ball python (D:1)
10 creatures vanquished.

Notes
Turn   | Place    | Note
-------+----------+-------------------------------------------
     0 | D:1      | protoss039 the Demonspawn Earth Elementalist began the
                  | quest for the Orb.
     0 | D:1      | Reached XP level 1. HP: 13/13 MP: 3/3
   349 | D:1      | Gained mutation: You are partially covered in icy blue
                  | scales. (AC +2) [demonic ancestry]
   349 | D:1      | Reached XP level 2. HP: 20/20 MP: 1/5
   477 | D:1      | Reached skill level 1 in Fighting
   855 | D:$      | Got out of the dungeon alive.

Illustrated notes

Levels and vault maps discovered:
D:1:      psy_arrival_radial02, layout_loops_ring, minmay_misc_feat_roman,
          hangedman_decor_points, minmay_misc_feat_plants

Skill      XL: |  1  2 |
---------------+-------+-----
Fighting       | 1 |  1.0
Dodging        | |  1.7
Stealth        | |  1.7
Spellcasting   | |  2.3
Conjurations   | |  1.0
Earth Magic    | |  2.9

Action                     || total
---------------------------++-------
  Melee: Dagger            ||     4
   Cast: Sandblast         ||    11
 Armour: Robe              ||     2
  Dodge: Dodged            ||     4
